 Dungeon Crawl Stone Soup version 0.29.1-13-g9f3cf754e1 (webtiles) character file.

Game seed: 8719275670518020563

11 flickminster the Firebug (level 2, -13/22 (24) HPs)
             Began as a Human Cinder Acolyte on Feb 1, 2023.
             Was a High Priest of Ignis.
             Mangled by Terence
             ... wielding the +7 Throatcutter {drain, coup de grace}
              (16 damage)
             ... on level 2 of the Dungeon.
             The game lasted 00:06:22 (1271 turns).

flickminster the Firebug (Human Cinder Acolyte)     Turns: 1271, Time: 00:06:22

HP:   -13/22 (24)   AC:  2    Str: 14    XL:     2   Next: 40%
MP:   1/3           EV: 10    Int: 14    God:    Ignis [*****.]
Gold: 77            SH:  2    Dex:  8    Spells: 1/3 levels left

rFire   + . .      SeeInvis .   a - -1 falchion (flame)
rCold   . . .      Faith    .   e - +0 buckler
rNeg    . . .      Spirit   .   b - +0 robe
rPois   .          Reflect  .   (no helmet)
rElec   .          Harm     .   (no cloak)
rCorr   .          Rampage  .   (no gloves)
Will    .....                   (no boots)
Stlth   +.........              (no amulet)
HPRegen 0.07/turn               (no ring)
MPRegen 0.08/turn               (no ring)

@: very slightly contaminated, drained
A: no striking features
a: Renounce Religion, Fiery Armour, Foxfire Swarm, Rising Flame


You were on level 2 of the Dungeon.
You worshipped Ignis.
Ignis was extremely pleased with you.
You visited 1 branch of the dungeon, and saw 2 of its levels.

You collected 77 gold pieces.

Inventory:

Hand Weapons
 a - a -1 falchion of flaming (weapon)
Missiles
 c - 14 stones (quivered)
Armour
 b - a +0 robe (worn)
 e - a +0 buckler (worn)
 f - an orb of guile
Scrolls
 d - 2 scrolls of identify {unknown}
Potions
 g - a potion of degeneration {unknown}
 h - a potion of lignification {unknown}


   Skills:
 + Level 3.1 Fighting
 + Level 0.4(2.0) Short Blades
 + Level 3.1 Long Blades
 + Level 0.3 Dodging
 + Level 1.2 Spellcasting
 + Level 3.1 Fire Magic


You had one spell level left.
You knew the following spells:

 Your Spells              Type           Power      Damage    Failure   Level
a - Scorch                Fire           18%        2d5       14%         2

Your spell library contained the following spells:

 Spells                   Type           Power      Damage    Failure   Level


Dungeon Overview and Level Annotations

Branches:
Dungeon (2/15)

Altars:

Shops:
D:1 [

Annotations:
D:2 Terence


Message History

You can't see any susceptible monsters within range! (Use Z to cast anyway.)
Okay, then.
Casting: Scorch (safe; 14% risk of failure)
Confirm with . or Enter, or press ? or * to list all spells.
You don't know that spell.
Casting: Scorch (safe; 14% risk of failure)
Press: ? - help, Q - select action, (/) - cycle Dir - look around, f - activate Look: a kobold, wielding a +0 short sword You miscast Scorch.
You are very lightly contaminated with residual magic.
Nothing appears to happen.
You barely miss the kobold. The kobold closely misses you.
You hit the kobold. You burn the kobold.
The kobold is heavily wounded.
The kobold hits you with a +0 short sword.
You hit the kobold. You burn the kobold.
You kill the kobold!
Terence the Incautious comes into view.
He is wielding the +7 Throatcutter {drain, coup de grace}.
Terence shouts!
You see here a +0 short sword.
Your magical contamination has completely faded away.
Found a scroll labelled REMEGREKIN.
d - 2 scrolls labelled REMEGREKIN (gained 1)
Casting: Scorch (safe; 14% risk of failure)
Press: ? - help, Q - select action, (/) - cycle Dir - look around, f - activate You miscast Scorch.
You are very lightly contaminated with residual magic.
Nothing appears to happen.
You hit Terence. You burn Terence.
Terence is moderately wounded.
Terence hits you with the +7 Throatcutter {drain, coup de grace}!
Ouch! That really hurt!
* * * LOW HITPOINT WARNING * * *
You feel drained.
* * * LOW HITPOINT WARNING * * *
Terence says, "You're history."
Terence attacks as you move away!
Terence hits you with the +7 Throatcutter {drain, coup de grace}!
Ouch! That really hurt!
You die...

... ..# #.# ### ..# #.#
#.. #..# #.# #.. #..#
#.. .. #.. #.. #. #.#
####.. #.##.#######.#
#..<.. #....@@......#
#.##.. #.............#
#.....
#.###.#######.####...).
#. #....@..... #.
######..... #. .......
#. #....... .. #.#.##.#
........#


You could see Terence.

Vanquished Creatures
  A dart slug (D:1)
  2 bats (D:1)
  A hobgoblin (D:1)
  2 kobolds
  A quokka (D:1)
  A frilled lizard (D:1)
  A rat (D:1)
9 creatures vanquished.

Notes
Turn   | Place    | Note
-------+----------+-------------------------------------------
     0 | D:1      | flickminster the Human Cinder Acolyte began the quest for
                  | the Orb.
     0 | D:1      | Reached XP level 1. HP: 18/18 MP: 2/2
   193 | D:1      | Found Jerphyra's Antique Armour Boutique.
   564 | D:1      | Reached XP level 2. HP: 14/24 MP: 3/3
   568 | D:1      | Learned a level 2 spell: Scorch
  1250 | D:2      | Noticed Terence
  1271 | D:2      | Mangled by Terence

Illustrated notes

Levels and vault maps discovered:
D:1:      saegor_arrival_miasma, layout_basic, serial_shops,
          nicolae_lakefront_shop, st_stairs_13, dk_noncrumbling_2,
          nicolae_titane
D:2:      minmay_general_purpose_star, layout_loops_ring, basic_altar,
          hellmonk_ecumenical_altar_inner_sanctum, uniq_terence

Action                   || total
-------------------------++-------
Melee: Falchion          ||    32
 Cast: Scorch            ||     1
Armor: Robe              ||     9
Dodge: Dodged            ||    19
Block: Buckler           ||     1
